 Dungeon Crawl Stone Soup version bcrawl-1.27.8b (webtiles) character file.

Game seed: 5859207746513878736

56807 MisterOstroum the Magician (level 1, -2/14 HPs)
             Began as a Barachi Wanderer on Nov 11, 2020.
             Slain by a leopard gecko (5 damage)
             ... on level 1 of the Dungeon.
             The game lasted 00:00:36 (23 turns).

MisterOstroum the Magician (Barachi Wanderer)         Turns: 23, Time: 00:00:37

Health: -2/14      AC:  2    Str: 14    XL:     1   Next: 30%
Magic:  3/4        EV: 12    Int: 11    God:
Gold:   0          SH:  0    Dex: 11    Spells: 5/6 levels left

rFire    . . .     SeeInvis .   a - +0 club
rCold    . . .     Gourm    .   (no shield)
rNeg     . . .     Faith    .   d - +0 robe
rPois    .         Spirit   .   (no helmet)
rElec    .         Reflect  .   (no cloak)
rCorr    .         Harm     .   (no gloves)
MR       .....                  (no boots)
Stlth    +.........             (no amulet)
HPRegen  0.04/turn              (no ring)
MPRegen  0.09/turn              (no ring)

@: slow
A: +LOS, swims, slowness 1, strong legs 1
a: Hop


You were on level 1 of the Dungeon.
You were not hungry.

You visited 1 branch of the dungeon, and saw 1 of its levels.

Inventory:

Hand Weapons
 a - a +0 club (weapon)
Armour
 d - a +0 robe (worn)
Scrolls
 c - a scroll of teleportation {@r3 !r}
Miscellaneous
 f - a phial of floods
Comestibles
 e - a ration {!d}


   Skills:
 + Level 0.8 Fighting
   Level 1.1 Staves
 - Level 1.1 Dodging
 - Level 1.0 Stealth
   Level 1.1 Shields
 - Level 3.2 Spellcasting
   Level 2.1 Fire Magic
 - Level 1.1 Evocations


You had 5 spell levels left.
You knew the following spells:

 Your Spells              Type           Power        Failure   Level  Hunger
a - Magic Dart            Conj           #...         26%         1    None

Your spell library contained the following spells:

 Spells                   Type           Power        Failure   Level  Hunger
 Blink                    Tloc           N/A          36%         2    #......
 Call Imp                 Summ           #.....       36%         2    #......
 Conjure Flame            Conj/Fire      #.......     45%         3    ####...
 Mephitic Cloud           Conj/Pois/Air  #.......     61%         3    ####...
 Spider Form              Tmut/Pois      #..          61%         3    ####...


Dungeon Overview and Level Annotations

Branches:
Dungeon (1/12)

Altars:


Innate Abilities, Weirdness & Mutations

You can see and be seen from farther away.
You can swim through water.
You cover ground slowly.
You can hop short distances.


Message History

Welcome, MisterOstroum the Barachi Wanderer.
Will you be the one to retrieve the fabled Orb of Zot from the depths?
Press m to set your skill training.
Press ? for a list of commands and other information.
Found a staircase leading out of the dungeon.
You begin with the following items: a +0 club, a scroll of teleportation {@r3 !r}, a +0 robe, a ration {!d}, a phial of floods; and the following spell memorised: Magic Dart; and the following spells available to memorise: Blink, Call Imp, Conjure Flame, Mephitic Cloud, Spider Form.
Okay, then.
Wear which item? (? for menu, Esc to quit)
Okay, then.
Evoke which item? (* to show all) (? for menu, Esc to quit)
Okay, then.
A leopard gecko comes into view.
Wield which item (- for none, * to show all)? (? for menu, Esc to quit)
Okay, then.
You hit the leopard gecko.
You kill the leopard gecko!
No target in view!
No target in view!
No target in view!
No target in view!
No target in view!
No target in view!
A leopard gecko comes into view.
A leopard gecko is nearby!
Casting: Magic Dart (safe; 26% risk of failure)
Confirm with . or Enter, or press ? or * to list all spells.
Aiming: Magic Dart (safe; 26% risk of failure)
Press: ? - help, Shift-Dir - straight line, f - leopard gecko
Aim: a leopard gecko (clinging, resting)
The magic dart hits the leopard gecko.
The leopard gecko is moderately wounded.
The leopard gecko hisses angrily.
The leopard gecko barely misses you. x2
You miss the leopard gecko.
The leopard gecko is moderately wounded.
The leopard gecko bites you.
You hit the leopard gecko.
The leopard gecko is severely wounded.
The leopard gecko barely misses you.
You barely miss the leopard gecko.
The leopard gecko is severely wounded.
The leopard gecko bites you.
You barely miss the leopard gecko.
The leopard gecko is severely wounded.
The leopard gecko bites you.
The leopard gecko bites you but does no damage.
You closely miss the leopard gecko.
The leopard gecko is severely wounded.
The leopard gecko closely misses you.
You miss the leopard gecko.
The leopard gecko is severely wounded.
The leopard gecko closely misses you.
You barely miss the leopard gecko.
The leopard gecko is severely wounded.
The leopard gecko bites you.
A leopard gecko is nearby!
A leopard gecko is nearby!
You barely miss the leopard gecko.
The leopard gecko is severely wounded.
The leopard gecko bites you.
* * * LOW HITPOINT WARNING * * *
The leopard gecko bites you.
* * * LOW HITPOINT WARNING * * *
Casting: Magic Dart (safe; 26% risk of failure)
Confirm with . or Enter, or press ? or * to list all spells.
Aiming: Magic Dart (safe; 26% risk of failure)
Press: ? - help, Shift-Dir - straight line, f/p - leopard gecko
Aim: a leopard gecko (severely wounded)
The magic dart hits the leopard gecko.
The leopard gecko is almost dead.
The leopard gecko hisses menacingly.
The leopard gecko bites you.
You die...

#### #...######
#...#....######
#...#?.l.......
#...#.@.....#
#....#######.#
#....#8.8##
#.........#
#.........#
#......8..##
##.#......8#
#........<#
#........8#


You could see a leopard gecko.

Vanquished Creatures
  A leopard gecko (D:1)
1 creature vanquished.

Notes
Turn   | Place    | Note
-------+----------+-------------------------------------------
     0 | D:1      | MisterOstroum the Barachi Wanderer began the quest for the
                  | Orb.
     0 | D:1      | MisterOstroum set off with the following items: a +0 club,
                  | a scroll of teleportation {@r3 !r}, a +0 robe, a ration
                  | {!d}, a phial of floods; and the following spell memorised:
                  | Magic Dart; and the following spells available to memorise:
                  | Blink, Call Imp, Conjure Flame, Mephitic Cloud, Spider Form
     0 | D:1      | Reached XP level 1. HP: 13/13 MP: 4/4
    23 | D:1      | Slain by a leopard gecko

Action                   || total
-------------------------++-------
Melee: Club              ||     9
 Cast: Magic Dart        ||     2
Armor: Robe              ||     1
Dodge: Dodged            ||     5
